 Dungeon Crawl Stone Soup version 0.17.0-28-g6e173f8 (webtiles) character file.

58 gorblad the Firebug (level 3, -4/24 HPs)
             Began as a Demonspawn Fire Elementalist on Nov 30, 2015.
             Was an Initiate of Vehumet.
             Killed by divine providence
             ... invoked by an orc priest
              (11 damage)
             ... on level 2 of the Dungeon.
             The game lasted 00:09:53 (2293 turns).

gorblad the Firebug (Demonspawn Fire Elementalist)  Turns: 2293, Time: 00:09:53

Health: -4/24      AC:  4    Str: 12    XL:     3   Next: 75%
Magic:  2/6        EV: 12    Int: 17    God:    Vehumet [......]
Gold:   108        SH:  0    Dex: 13    Spells: 2 memorised, 3 levels left

rFire  . . .     SeeInvis .     (no weapon)
rCold  . . .     Clarity  .     a - +0 robe
rNeg   . . .     SustAt   .     (no shield)
rPois  .         Gourm    .     (no helmet)
rElec  .         Spirit   .     q - +0 cloak
rCorr  .         Warding  .     (no gloves)
rMut   .         Stasis   .     (no boots)
MR     .....                    (no amulet)
Stlth  +++.......               (no ring)
                                d - +4 ring of strength

@: not resistant to hostile enchantments, fairly stealthy
A: icy blue scales 1, nightstalker 1
a: Renounce Religion


You were on level 2 of the Dungeon.
You worshipped Vehumet.
Vehumet was noncommittal.
You were not hungry.

You visited 1 branch of the dungeon, and saw 3 of its levels.

You collected 108 gold pieces.

Inventory:

Armour
 a - a +0 robe (worn)
 q - a +0 cloak (worn)
Jewellery
 d - a +4 ring of strength (left hand)
 p - a cursed -2 ring of protection {unknown}
Wands
 t - a wand of slowing (31)
Scrolls
 e - 2 scrolls of immolation {unknown}
 g - a scroll of remove curse {unknown}
 m - a scroll of teleportation {unknown}
 o - 2 scrolls of magic mapping {unknown}
 r - a scroll of noise {unknown}
Potions
 h - a potion of flight {unknown}
 i - a potion of poison {unknown}
 n - a potion of curing
 s - a potion of lignification {unknown}
Books
 b - a book of Flames

   Spells                             Type                      Level
   a - Flame Tongue                   Conjuration/Fire             1
   b - Throw Flame                    Conjuration/Fire             2
   c - Conjure Flame                  Conjuration/Fire             3
   d - Inner Flame                    Hexes/Fire                   3
   e - Sticky Flame                   Conjuration/Fire             4
   f - Fireball                       Conjuration/Fire             5
Comestibles
 c - 2 bread rations
 f - 2 meat rations
 j - a beef jerky
 k - a slice of pizza


   Skills:
 - Level 1.7 Dodging
 - Level 1.7 Stealth
 + Level 2.2 Spellcasting
 + Level 3.0 Conjurations
 + Level 3.1 Fire Magic


You had 3 spell levels left.
You knew the following spells:

 Your Spells              Type           Power        Failure   Level  Hunger
a - Flame Tongue          Conj/Fire      ##...        6%          1    #......
b - Throw Flame           Conj/Fire      ##....       10%         2    ###....


Dungeon Overview and Level Annotations

Branches:
Dungeon (3/15)

Altars:
Kikubaaqudgha
Nemelex Xobeh
Vehumet


Innate Abilities, Weirdness & Mutations

You are partially covered in icy blue scales (AC +1).
You are slightly more attuned to the shadows.


Message History

The orc priest is severely wounded.
The orc priest hits you with a dagger. The orc hits you but does no damage.
You can't go down here!
The orc priest hits you but does no damage.
The orc hits you but does no damage.
You climb upwards.
There is a stone staircase leading down here.
The orc priest closely misses you. The orc hits you but does no damage.
You climb downwards.
There is a stone staircase leading up here.
The orc priest hits you with a dagger. The orc hits you with a hand axe.
* * * LOW HITPOINT WARNING * * *
You climb upwards.
There is a stone staircase leading down here.
Unknown command.
The orc priest miscasts a cantrip.
The orc priest miscasts a cantrip.
The orc priest mumbles some strange prayers to Beogh against you.
Something smites you!
You die...

#.# ##.# #..# #.## ..# .##
##### .#######...#
..........>#########
####.......o.o..@..#
.....####..#######.#
.^.........# ##.##.#####
.########..###...#.#...##
..#######...............##
....##.....#.#...#.......##
..#.##........#.#.........#
..........................#
...###........###.........#


You could see an orc priest and an orc.

Vanquished Creatures
  An ooze (D:1)
  A worm (D:2)
  3 orcs (D:3)
  2 giant cockroaches (D:2)
  10 goblins
  7 hobgoblins
  7 kobolds
  A ball python (D:1)
  A bat (D:1)
  A giant gecko (D:1)
  4 giant newts
  8 rats
46 creatures vanquished.

Notes
Turn   | Place    | Note
--------------------------------------------------------------
     0 | D:1      | gorblad the Demonspawn Fire Elementalist began the quest for the Orb.
     0 | D:1      | Reached XP level 1. HP: 13/13 MP: 3/3
   305 | D:1      | Gained mutation: You are slightly more attuned to the shadows. [demonic ancestry]
   305 | D:1      | Reached XP level 2. HP: 19/19 MP: 0/5
   524 | D:1      | Learned a level 2 spell: Throw Flame
   884 | D:1      | Reached skill level 3 in Conjurations
  1004 | D:1      | Gained mutation: You are partially covered in icy blue scales (AC +1). [demonic ancestry]
  1004 | D:1      | Reached XP level 3. HP: 20/24 MP: 2/6
  1304 | D:2      | Found a sparkling altar of Nemelex Xobeh.
  1768 | D:2      | Found an ancient bone altar of Kikubaaqudgha.
  1768 | D:2      | Found a radiant altar of Vehumet.
  1809 | D:2      | Became a worshipper of Vehumet
  2293 | D:2      | Killed from afar by an orc priest

Action                   || total
-------------------------++-------
Melee: Unarmed           ||    42
Throw: Javelin           ||    12
 Cast: Flame Tongue      ||    73
  Use: Potion            ||     1
  Eat: Chunk             ||     5
